3AA
OTTAWA NATIONALS @ CASPER GHOSTS
09/06/2038
 
TOP OF THE 1ST
Ottawa Nationals batting - Pitching for Casper Ghosts : LHP Dave Shepard
Pitching: LHP Dave Shepard
Batting: SHB Júlio Moreno 0-0: Foul Ball, location: 2F
0-1: Called Strike
0-2: Strikes out swinging
Batting: LHB Jason Powell 0-0: Foul Ball, location: 2F
0-1: Ball
1-1: Ball
2-1: Foul Ball, location: 2F
2-2: Foul Ball, location: 2F
2-2: Ball
3-2: Base on Balls
Batting: RHB Cary Collins 0-0: Ball
1-0: Ball
2-0: Ball
Jason Powell steals 2nd, throwing error, E2
Jason Powell to third
3-0: Called Strike
3-1: Foul Ball, location: 2F
3-2: Strikes out swinging
Batting: RHB Sallvador Rebola 0-0: Called Strike
0-1: Ball
1-1: Ball
2-1: Foul Ball, location: 2F
2-2: SINGLE (Line Drive, 8RS, EV 112.5 MPH)
Jason Powell scores
Batting: RHB Rey McSriff 0-0: DOUBLE (Flyball, 78D, EV 100.0 MPH)
Sallvador Rebola to third
Batting: RHB Gary Goodwin 0-0: Ground out 6-3 (Groundball, 6, EV 78.8 MPH)
Top of the 1st over - 1 run, 2 hits, 1 error, 2 left on base; Ottawa 1 - Casper 0
BOTTOM OF THE 1ST
Casper Ghosts batting - Pitching for Ottawa Nationals : LHP Luis Soto
Pitching: LHP Luis Soto
Batting: RHB Teok-kyu Pak 0-0: Ball
1-0: Ground out 6-3 (Groundball, 6, EV 86.9 MPH)
Batting: RHB Ryung Jae-Wook 0-0: Ball
1-0: Foul Ball, location: 2F
1-1: Ball
2-1: Called Strike
2-2: Ball
3-2: Foul Ball, location: 2F
3-2: Ground out 6-3 (Groundball, 6S, EV 76.9 MPH)
Batting: RHB Walke Mehoff 0-0: Ball
1-0: Ball
2-0: SINGLE (Line Drive, 56D, EV 95.0 MPH)
Batting: RHB Thom Scribbner 0-0: DOUBLE (Line Drive, 78D, EV 112.5 MPH)
Walke Mehoff to third
Runner from 3rd tries for Home, SAFE, throw by CF to trailing runner, SAFE at third!
Batting: LHB General Booty 0-0: Ball
1-0: Ball
2-0: Called Strike
2-1: Ball
3-1: Foul Ball, location: 2F
3-2: Foul Ball, location: 2F
3-2: Strikes out swinging
Bottom of the 1st over - 1 run, 2 hits, 0 errors, 1 left on base; Ottawa 1 - Casper 1
TOP OF THE 2ND
Ottawa Nationals batting - Pitching for Casper Ghosts : LHP Dave Shepard
Batting: RHB Cheh Zhi 0-0: Called Strike
0-1: Ball
1-1: Ground out 3-1 (Groundball, 34, EV 106.2 MPH)
Batting: RHB Manuel Vroonland 0-0: Ball
1-0: Swinging Strike
1-1: Ball
2-1: SINGLE (Line Drive, 78S, EV 106.2 MPH)
Batting: LHB Juan Rodríguez 0-0: Ball
1-0: Fly out, F7 (Flyball, 7, EV 88.8 MPH)
Batting: SHB Júlio Moreno 0-0: Called Strike
0-1: Swinging Strike
0-2: Strikes out swinging
Top of the 2nd over - 0 runs, 1 hit, 0 errors, 1 left on base; Ottawa 1 - Casper 1
BOTTOM OF THE 2ND
Casper Ghosts batting - Pitching for Ottawa Nationals : LHP Luis Soto
Batting: RHB Bogdan Lissenberg 0-0: Fly out, F9 (Flyball, 9LD, EV 80.6 MPH)
Batting: RHB Carlos Moreno 0-0: Called Strike
0-1: Swinging Strike
0-2: Strikes out swinging
Batting: RHB Magtanggol Florencio 0-0: Ball
1-0: Called Strike
1-1: Ball
2-1: Foul Ball, location: 2F
2-2: Foul Ball, location: 2F
2-2: Ball
3-2: Base on Balls
Batting: RHB Ángel Castro 0-0: Ball
1-0: Ball
2-0: Ball
3-0: Called Strike
3-1: Base on Balls
Magtanggol Florencio to second
Batting: RHB Teok-kyu Pak 0-0: Called Strike
0-1: 3-RUN HOME RUN (Line Drive, 7D, EV 100.0 MPH), Distance : 383 ft
Batting: RHB Ryung Jae-Wook 0-0: Ground out 5-3 (Groundball, 56, EV 102.5 MPH)
Bottom of the 2nd over - 3 runs, 1 hit, 0 errors, 0 left on base; Ottawa 1 - Casper 4
TOP OF THE 3RD
Ottawa Nationals batting - Pitching for Casper Ghosts : LHP Dave Shepard
Batting: LHB Jason Powell 0-0: Called Strike
0-1: Foul Ball, location: 2F
0-2: Ball
1-2: Strikes out swinging
Batting: RHB Cary Collins 0-0: Ball
1-0: Swinging Strike
1-1: Called Strike
1-2: Strikes out swinging
Batting: RHB Sallvador Rebola 0-0: Swinging Strike
0-1: Swinging Strike
0-2: Ground out U3 (Groundball, 3, EV 88.1 MPH)
Top of the 3rd over - 0 runs, 0 hits, 0 errors, 0 left on base; Ottawa 1 - Casper 4
BOTTOM OF THE 3RD
Casper Ghosts batting - Pitching for Ottawa Nationals : LHP Luis Soto
Batting: RHB Walke Mehoff 0-0: SINGLE (Line Drive, 3L, EV 98.1 MPH)
Batting: RHB Thom Scribbner 0-0: Called Strike
0-1: Fly out, F8 (Line Drive, 8LM, EV 106.2 MPH)
Batting: LHB General Booty 0-0: Swinging Strike
0-1: Ball
1-1: Ball
2-1: Swinging Strike
2-2: Strikes out swinging
Batting: RHB Bogdan Lissenberg 0-0: Called Strike
0-1: Ball
1-1: Ball
2-1: Ball
3-1: Called Strike
3-2: Base on Balls
Walke Mehoff to second
Batting: RHB Carlos Moreno 0-0: Called Strike
0-1: Ground out 6-3 (Groundball, 4M, EV 83.8 MPH)
Bottom of the 3rd over - 0 runs, 1 hit, 0 errors, 2 left on base; Ottawa 1 - Casper 4
TOP OF THE 4TH
Ottawa Nationals batting - Pitching for Casper Ghosts : LHP Dave Shepard
Batting: RHB Rey McSriff 0-0: Ball
1-0: Called Strike
1-1: DOUBLE (Line Drive, 5D, EV 103.8 MPH)
Batting: RHB Gary Goodwin 0-0: Foul Ball, location: 2F
0-1: Ball
1-1: Ball
2-1: Ground out 4-3 (Groundball, 4, EV 85.6 MPH)
Rey McSriff to third
Batting: RHB Cheh Zhi 0-0: Foul Ball, location: 2F
0-1: Ball
1-1: Swinging Strike
1-2: Ball
2-2: Ball
3-2: SINGLE (Flyball, 9S, EV 86.9 MPH)
Rey McSriff scores
Batting: RHB Manuel Vroonland 0-0: Ball
1-0: SINGLE (Groundball, 6MD, EV 98.1 MPH)
Cheh Zhi to second
Batting: LHB Juan Rodríguez 0-0: Ball
1-0: Swinging Strike
1-1: Ball
2-1: Foul Ball, location: 2F
2-2: Foul Ball, location: 2F
2-2: Strikes out swinging
Batting: SHB Júlio Moreno 0-0: Swinging Strike
0-1: Foul Ball, location: 2F
0-2: DOUBLE (Flyball, 78XD, EV 97.5 MPH)
Cheh Zhi scores
Manuel Vroonland to third
Batting: LHB Jason Powell 0-0: Called Strike
0-1: Ground out 4-3 (Groundball, 4, EV 99.4 MPH)
Top of the 4th over - 2 runs, 4 hits, 0 errors, 2 left on base; Ottawa 3 - Casper 4
BOTTOM OF THE 4TH
Casper Ghosts batting - Pitching for Ottawa Nationals : LHP Luis Soto
Batting: RHB Magtanggol Florencio 0-0: Ball
1-0: Called Strike
1-1: Swinging Strike
1-2: Ball
2-2: Strikes out swinging
Batting: RHB Ángel Castro 0-0: Ball
1-0: Called Strike
1-1: Ground out 5-3 (Groundball, 56, EV 78.8 MPH)
Batting: RHB Teok-kyu Pak 0-0: Swinging Strike
0-1: Swinging Strike
0-2: Ball
1-2: Foul Ball, location: 2F
1-2: Strikes out looking
Bottom of the 4th over - 0 runs, 0 hits, 0 errors, 0 left on base; Ottawa 3 - Casper 4
TOP OF THE 5TH
Ottawa Nationals batting - Pitching for Casper Ghosts : LHP Dave Shepard
Batting: RHB Cary Collins 0-0: Called Strike
0-1: Swinging Strike
0-2: Strikes out swinging
Batting: RHB Sallvador Rebola 0-0: Called Strike
0-1: Ball
1-1: Called Strike
1-2: Ball
2-2: Strikes out looking
Batting: RHB Rey McSriff 0-0: SINGLE (Groundball, 6MD, EV 100.0 MPH)
Batting: RHB Gary Goodwin 0-0: Ball
1-0: Ball
2-0: Ball
3-0: Called Strike
3-1: Swinging Strike
3-2: Fly out, F6 (Popup, 6, EV 75.6 MPH)
Top of the 5th over - 0 runs, 1 hit, 0 errors, 1 left on base; Ottawa 3 - Casper 4
BOTTOM OF THE 5TH
Casper Ghosts batting - Pitching for Ottawa Nationals : LHP Luis Soto
Batting: RHB Ryung Jae-Wook 0-0: Swinging Strike
0-1: Ball
1-1: Ball
2-1: Fly out, F7 (Flyball, 7D, EV 91.2 MPH)
Batting: RHB Walke Mehoff 0-0: Ball
1-0: Ball
2-0: Fly out, F5 (Popup, 5SF, EV 75.6 MPH)
Batting: RHB Thom Scribbner 0-0: Ball
1-0: Fly out, F8 (Line Drive, 8RM, EV 95.0 MPH)
Bottom of the 5th over - 0 runs, 0 hits, 0 errors, 0 left on base; Ottawa 3 - Casper 4
TOP OF THE 6TH
Ottawa Nationals batting - Pitching for Casper Ghosts : LHP Dave Shepard
Batting: RHB Cheh Zhi 0-0: Ball
1-0: SINGLE (Line Drive, 4MD, EV 98.1 MPH)
Batting: RHB Manuel Vroonland 0-0: Ball
1-0: Bunted foul
1-1: Bunted foul
1-2: Foul Ball, location: 2F
1-2: Ball
2-2: Ball
3-2: Grounds into double play, 1-6-3 (Groundball, 13S, EV 73.8 MPH)
Batting: LHB Juan Rodríguez 0-0: Called Strike
0-1: Ground out 6-3 (Groundball, 6, EV 101.2 MPH)
Top of the 6th over - 0 runs, 1 hit, 0 errors, 0 left on base; Ottawa 3 - Casper 4
BOTTOM OF THE 6TH
Casper Ghosts batting - Pitching for Ottawa Nationals : LHP Luis Soto
Pitching: RHP Jim Maxwell
Batting: LHB General Booty 0-0: Called Strike
0-1: Foul Ball, location: 2F
0-2: Strikes out looking
Batting: RHB Bogdan Lissenberg 0-0: Called Strike
0-1: Fly out, F8 (Line Drive, 8RM, EV 89.4 MPH)
Batting: RHB Carlos Moreno 0-0: Ball
1-0: Swinging Strike
1-1: Foul Ball, location: 2F
1-2: Strikes out swinging
Bottom of the 6th over - 0 runs, 0 hits, 0 errors, 0 left on base; Ottawa 3 - Casper 4
TOP OF THE 7TH
Ottawa Nationals batting - Pitching for Casper Ghosts : LHP Dave Shepard
Batting: SHB Júlio Moreno 0-0: Ball
1-0: Swinging Strike
1-1: Fly out, F8 (Flyball, 8LD, EV 96.9 MPH)
Pitching: LHP Melvin Conner
Batting: LHB Jason Powell 0-0: Ball
1-0: Ball
2-0: Called Strike
2-1: Fly out, F9 (Flyball, 9S, EV 83.8 MPH)
Batting: RHB Cary Collins 0-0: Called Strike
0-1: Ground out 5-3 (Groundball, 56S, EV 82.5 MPH)
Top of the 7th over - 0 runs, 0 hits, 0 errors, 0 left on base; Ottawa 3 - Casper 4
BOTTOM OF THE 7TH
Casper Ghosts batting - Pitching for Ottawa Nationals : RHP Jim Maxwell
Batting: RHB Magtanggol Florencio 0-0: Ground out 5-3 (Groundball, 56S, EV 89.4 MPH)
Batting: RHB Ángel Castro 0-0: Fly out, F9 (Flyball, 89D, EV 90.0 MPH)
Batting: RHB Teok-kyu Pak 0-0: Ball
1-0: Called Strike
1-1: Ball
2-1: Fly out, F9 (Flyball, 89M, EV 88.8 MPH)
Bottom of the 7th over - 0 runs, 0 hits, 0 errors, 0 left on base; Ottawa 3 - Casper 4
TOP OF THE 8TH
Ottawa Nationals batting - Pitching for Casper Ghosts : LHP Melvin Conner
Batting: RHB Sallvador Rebola 0-0: Ball
1-0: Foul Ball, location: 2F
1-1: SINGLE (Flyball, 7S, EV 84.4 MPH)
Batting: RHB Rey McSriff 0-0: Called Strike
0-1: Ball
1-1: Swinging Strike
1-2: Strikes out swinging
Batting: RHB Gary Goodwin 0-0: Ball
1-0: SINGLE (Line Drive, 6D, EV 96.2 MPH)
Sallvador Rebola to second
Batting: RHB Cheh Zhi 0-0: Fielders Choice at 2nd, 1-6 (Groundball, 13S, EV 73.8 MPH)
Sallvador Rebola to third
Batting: RHB Manuel Vroonland 0-0: Fly out, F8 (Flyball, 8LXD, EV 93.8 MPH)
Top of the 8th over - 0 runs, 2 hits, 0 errors, 2 left on base; Ottawa 3 - Casper 4
BOTTOM OF THE 8TH
Casper Ghosts batting - Pitching for Ottawa Nationals : RHP Jim Maxwell
Batting: RHB Ryung Jae-Wook 0-0: Ball
1-0: Ground out 6-3 (Groundball, 6M, EV 87.5 MPH)
Batting: RHB Walke Mehoff 0-0: Ball
1-0: Foul Ball, location: 2F
1-1: Reached via error on a dropped throw from 3B, E3 (Groundball, 56S, EV 80.0 MPH)
Batting: RHB Thom Scribbner 0-0: Foul Ball, location: 2F
0-1: Ball
1-1: Ball
2-1: Fly out, F7 (Line Drive, 7, EV 89.4 MPH)
Batting: LHB General Booty 0-0: Swinging Strike
0-1: 2-RUN HOME RUN (Flyball, 9LD, EV 106.9 MPH), Distance : 350 ft
Batting: RHB Bogdan Lissenberg 0-0: Foul Ball, location: 2F
0-1: Swinging Strike
0-2: Foul Ball, location: 2F
0-2: Ball
1-2: Ball
2-2: Strikes out swinging
Bottom of the 8th over - 2 runs, 1 hit, 1 error, 0 left on base; Ottawa 3 - Casper 6
TOP OF THE 9TH
Ottawa Nationals batting - Pitching for Casper Ghosts : LHP Melvin Conner
Pitching: RHP Anthony Hurst
Batting: LHB Juan Rodríguez 0-0: Ball
1-0: Ground out 2-3 (Groundball, 2L, EV 67.5 MPH)
Batting: SHB Júlio Moreno 0-0: Ball
1-0: Ball
2-0: Swinging Strike
2-1: SINGLE (Line Drive, 7LM, EV 109.4 MPH)
Batting: LHB Jason Powell 0-0: Swinging Strike
0-1: Ball
1-1: SINGLE (Line Drive, 6M, EV 99.4 MPH)
Júlio Moreno to second
Batting: RHB Cary Collins 0-0: Ball
Wild Pitch!
Júlio Moreno to third
Jason Powell to second
1-0: Ground out 1-3 (Groundball, P, EV 81.9 MPH)
Batting: RHB Sallvador Rebola 0-0: Ball
1-0: SINGLE (Groundball, 56D, EV 96.9 MPH)
Júlio Moreno scores
Jason Powell to third
Batting: RHB Rey McSriff 0-0: Ball
1-0: Ball
2-0: Ball
3-0: Foul Ball, location: 2F
3-1: Called Strike
3-2: Foul Ball, location: 2F
3-2: Fly out, F9 (Line Drive, 9, EV 98.8 MPH)
Top of the 9th over - 1 run, 3 hits, 0 errors, 2 left on base; Ottawa 4 - Casper 6
Friday, April 17th, 2020 - OOTP Baseball 20.8 Build 74